 Dungeon Crawl Stone Soup version 0.30-a0-457-g4b7bca3bfa (webtiles) character file.

Game seed: 9871644676240234887

32 Strat the Cudgeller (level 3, 0/29 HPs)
             Began as a Meteoran Reaver on Dec 13, 2022.
             Slain by a worm (10 damage)
             ... on level 2 of the Dungeon.
             The game lasted 00:01:40 (370 turns).

Strat the Cudgeller (Meteoran Reaver)                Turns: 370, Time: 00:01:41

Health: 0/29       AC:  3    Str: 15    XL:     3   Next: 64%
Magic:  8/8        EV: 12    Int: 14    God:
Gold:   66         SH:  0    Dex: 13    Spells: 6/7 levels left

rFire   . . .      SeeInvis .    a - +0 mace
rCold   . . .      Faith    .    (no shield)
rNeg    . . .      Spirit   .    b - +0 leather armour
rPois   .          Reflect  .    (no helmet)
rElec   .          Harm     .    (no cloak)
rCorr   .          Rampage  .    (no gloves)
Will    .....                    (no boots)
Stlth   +.........               (no amulet)
HPRegen 0.24/turn                (no ring)
MPRegen 0.11/turn                (no ring)

@: glowing
A: sense surroundings 1, otherworldly, glowing, explore regen
a: no special abilities


You were on level 2 of the Dungeon.
You visited 1 branch of the dungeon, and saw 2 of its levels.

You collected 66 gold pieces.

Inventory:

Hand Weapons
 a - a +0 mace (weapon)
Armour
 b - a +0 leather armour (worn)
Scrolls
 c - a scroll of poison {unknown}
 d - a scroll of enchant armour {unknown}
 e - a scroll of identify {unknown}
 f - a scroll of teleportation {unknown}
 g - a scroll of enchant weapon {unknown}
 i - a scroll of noise {unknown}
Potions
 h - a potion of degeneration {unknown}
 j - a potion of flight {unknown}


   Skills:
 - Level 2.1 Fighting
 * Level 5.2 Maces & Flails
 + Level 1.7 Armour
 - Level 2.4 Dodging
 - Level 2.6 Spellcasting
 - Level 3.6 Conjurations


You had 6 spell levels left.
You knew the following spells:

 Your Spells              Type           Power      Damage    Failure   Level
a - Kiss of Death         Conj/Necr      24%        2d7       13%         1

Your spell library contained the following spells:

 Spells                   Type           Power      Damage    Failure   Level
 Momentum Strike          Conj/Tloc      12%        3d8       21%         2
 Hailstorm                Conj/Ice       6%         3d4       36%         3


Dungeon Overview and Level Annotations

Branches:
Dungeon (2/15) Zot: 816

Altars:


Innate Abilities, Weirdness & Mutations

You passively map a small area around you.
You are easily found by Zot.
You glow in the dark.
You regain HP and MP as you explore.


Message History

You hit the gnoll but do no damage.
The gnoll is severely wounded.
The gnoll barely misses you.
You closely miss the gnoll.
The gnoll is severely wounded.
The gnoll closely misses you.
You hit the gnoll.
You kill the gnoll!
Things that are here:
a +0 whip; a gnoll corpse; a ball python corpse You now have 55 gold pieces (gained 9).
You now have 66 gold pieces (gained 11).
Found a spear.
You see here a +0 spear.
There is a stone staircase leading down here.
You climb downwards.
Found a scroll labelled SAAT SIXZID.
There is a stone staircase leading up here.
You hit the worm.
The worm is moderately wounded.
The worm bites you but does no damage.
You hit the worm.
The worm is heavily wounded.
The worm bites you.
You hit the worm but do no damage.
The worm is moderately wounded.
You hit the worm.
The worm is heavily wounded.
The worm bites you!
* * * LOW HITPOINT WARNING * * *
You hit the worm.
The worm is heavily wounded.
The worm bites you!
* * * LOW HITPOINT WARNING * * *
You hit the worm but do no damage.
The worm is heavily wounded.
You barely miss the worm.
The worm is heavily wounded.
The worm bites you!
You die...

, ####
#.? #w#
#@# *,
####.# *
* #....##
,,,
#.#<..#**
** * #
###.# .#
* .. , *
###* * *


You could see a worm.

Vanquished Creatures
  A gnoll (D:1)
  An endoplasm (D:1)
  2 giant cockroaches (D:1)
  3 goblins (D:1)
  2 hobgoblins (D:1)
  3 kobolds (D:1)
  A quokka (D:1)
  2 ball pythons (D:1)
  A bat (D:1)
  2 frilled lizards (D:1)
  3 rats (D:1)
21 creatures vanquished.

Notes
Turn   | Place    | Note
-------+----------+-------------------------------------------
     0 | D:1      | Strat the Meteoran Reaver began the quest for the Orb.
     0 | D:1      | Reached XP level 1. HP: 17/17 MP: 5/5
    47 | D:1      | Reached XP level 2. HP: 16/24 MP: 6/6
    66 | D:1      | Reached skill level 1 in Armour
   266 | D:1      | Reached XP level 3. HP: 29/29 MP: 8/8
   303 | D:1      | Reached skill level 5 in Maces & Flails
   370 | D:2      | Slain by a worm

Illustrated notes

Levels and vault maps discovered:
D:1:      lemuel_arrival_funnel, layout_rooms, serial_glass, glass_columns_b,
          glass_columns_a, st_stairs_6
D:2:      layout_basic, chequers_ecumenical_altar_twisty,
          kennysheep_big_empty_room, st_stairs_4, nicolae_grassy_gnolls

Skill      XL: |  1  2  3 |
---------------+----------+-----
Armour         | 1 |  1.7
Maces & Flails | 5 |  5.2
Fighting       | |  2.1
Dodging        | |  2.4
Spellcasting   | |  2.6
Conjurations   | |  3.6

Action                   || total
-------------------------++-------
Melee: Mace              ||    72
Armor: Leather armour    ||    25
Dodge: Dodged            ||    36

Table legend: (Time is in decaauts)
 A = Elapsed time spent in this place.
 B = Non-inter-level travel time spent in this place.
 C = Inter-level travel time spent in this place.
 D = Time resting spent in this place.
 E = Time spent auto-exploring this place.
 F = Levels seen in this place.
 G = Mean time per level.
                   A        B        C        D        E       F      G
               +--------+--------+--------+--------+--------+-----+--------+
         Total |    382 |    361 |     21 |      0 |      0 |   2 |  191.0 |
       Dungeon |    382 |    361 |     21 |      0 |      0 |   2 |  191.0 |
               +--------+--------+--------+--------+--------+-----+--------+

Top non-repeatable levels by time:
     D:1: 371 daAuts
     D:2: 10 daAuts
